 Dungeon Crawl Stone Soup version 0.21.1-1-g345015f (webtiles) character file.

49 toffzen the Firebug (level 3, -1/19 HPs)
             Began as a Deep Elf Fire Elementalist on Apr 11, 2018.
             Slain by a gnoll (9 damage)
             ... on level 1 of the Dungeon.
             The game lasted 00:03:14 (1194 turns).

toffzen the Firebug (Deep Elf Fire Elementalist)    Turns: 1194, Time: 00:03:15

Health: -1/19      AC:  3    Str:  5    XL:     3   Next: 53%
Magic:  10/10      EV: 13    Int: 20    God:
Gold:   85         SH:  0    Dex: 15    Spells: 5/9 levels left

rFire    . . .     SeeInvis .   g - +2 dagger (drain)
rCold    . . .     Gourm    .   (no shield)
rNeg     . . .     Faith    .   a - +0 robe
rPois    .         Spirit   .   (no helmet)
rElec    .         Reflect  .   (no cloak)
rCorr    .         Harm     .   j - +0 pair of gloves
MR       .....                  (no boots)
Stlth    ++........             (no amulet)
HPRegen  0.06/turn              (no ring)
MPRegen  0.12/turn              (no ring)

@: no status effects
A: no striking features
a: no special abilities


You were on level 1 of the Dungeon.
You were not hungry.

You visited 1 branch of the dungeon, and saw 2 of its levels.

You collected 85 gold pieces.

Inventory:

Hand Weapons
 d - a +0 mace
 g - a +2 dagger of draining (weapon)
Missiles
 i - 14 stones (quivered)
 m - a throwing net
Armour
 a - a +0 robe (worn)
 j - a +0 pair of gloves (worn)
Scrolls
 h - 3 scrolls of magic mapping {unknown}
 k - a scroll of immolation {unknown}
 l - a scroll of enchant weapon {unknown}
Potions
 e - 2 potions of curing {unknown}
Books
 b - a book of Flames

   Spells                             Type                      Level
   a - Flame Tongue                   Conjuration/Fire             1
   b - Throw Flame                    Conjuration/Fire             2
   c - Conjure Flame                  Conjuration/Fire             3
   d - Inner Flame                    Hexes/Fire                   3
   e - Sticky Flame                   Conjuration/Fire             4
   f - Fireball                       Conjuration/Fire             5
Comestibles
 c - a ration


   Skills:
 - Level 2.4 Dodging
 - Level 2.4 Stealth
 + Level 3.6 Spellcasting
 * Level 2.5 Conjurations
 * Level 4.1 Fire Magic


You had 5 spell levels left.
You knew the following spells:

 Your Spells              Type           Power        Failure   Level  Hunger
a - Flame Tongue          Conj/Fire      ###..        3%          1    None
b - Conjure Flame         Conj/Fire      ###.....     11%         3    ###....


Dungeon Overview and Level Annotations

Branches:
Dungeon (2/15)

Altars:
Kikubaaqudgha


Message History

Aim: a gnoll, wielding a spear (heavily wounded)
The flame tongue hits the gnoll.
The gnoll is severely wounded.
You climb upwards.
There is a stone staircase leading down here.
You start resting.
Your magical contamination has completely faded away.
You start resting.
HP restored.
You start resting.
Magic restored.
You climb downwards.
The gnoll barely misses you. The gnoll hits you. The gnoll closely misses you.
There is a stone staircase leading up here.
Unknown command.
The gnoll completely misses you. The gnoll hits you with a spear.
You climb upwards.
There is a stone staircase leading down here.
The gnoll hits you!
You die...

#..........#
#............#
#.########.#
#.##########.#
#.#......#.#
#.#..........#
#.#....#.#.#
#.....########
#.####.#.#.# ###.#.#
#........#.# #.#.#
.##......#.#######.#.#
.+............g>##.#.#
.##..###.#.#.##g@..#.#
.#...# #.#.(.##.####.####
.#...###.#.####.##.#.##.#
.......#...........#....#
#......###.####.##.####.#
........................#
###....###.#####.#.######
.......###.#####.#.#
###............#.#.#


You could see 2 gnolls.

Vanquished Creatures
  A gnoll (D:2)
  A dart slug (D:1)
  5 bats
  A giant cockroach (D:1)
  7 goblins (D:1)
  3 hobgoblins
  5 jackals (D:1)
  3 frilled lizards (D:1)
  3 kobolds (D:1)
  8 rats
37 creatures vanquished.

Notes
Turn   | Place    | Note
-------+----------+-------------------------------------------
     0 | D:1      | toffzen the Deep Elf Fire Elementalist began the quest for the Orb.
     0 | D:1      | Reached XP level 1. HP: 10/10 MP: 6/6
   213 | D:1      | Reached XP level 2. HP: 15/15 MP: 4/8
   611 | D:1      | Reached XP level 3. HP: 19/19 MP: 6/9
   638 | D:1      | Learned a level 3 spell: Conjure Flame
   729 | D:1      | Reached skill level 4 in Fire Magic
   955 | D:2      | Found an ancient bone altar of Kikubaaqudgha.
  1194 | D:1      | Slain by a gnoll

Skill      XL: |  1  2  3 |
---------------+----------+-----
Conjurations   | 2 |  2.5
Fire Magic     | 4 |  4.1
Dodging        | |  2.4
Stealth        | |  2.4
Spellcasting   | |  3.6

Action                   || total
-------------------------++-------
Melee: Dagger            ||     8
 Cast: Flame Tongue      ||    47
       Conjure Flame     ||     3
  Eat: Chunk             ||     1
Armor: Robe              ||     2
Dodge: Dodged            ||    20
